 Dungeon Crawl Stone Soup version 0.19.5 (webtiles) character file.

27397 Jerry the Covert (level 13, -5/71 HPs)
             Began as a Vampire Enchanter on Apr 4, 2017.
             Was the Champion of Dithmenos.
             Slain by an eight-headed hydra (9 damage)
             ... on level 11 of the Dungeon.
             The game lasted 01:37:41 (16861 turns).

Jerry the Covert (Vampire Enchanter)               Turns: 16861, Time: 01:37:42

Health: -5/71      AC: 12    Str:  9    XL:     13   Next: 4%
Magic:  18/21      EV: 19    Int: 18    God:    Dithmenos [******]
Gold:   615        SH:  0    Dex: 19    Spells: 7 memorised, 9 levels left

rFire  . . .     SeeInvis +     a - +2 dagger (speed)
rCold  + + +     Gourm    .     n - +2 robe {rC+ rF+}
rNeg   + + .     Faith    .     (no shield)
rPois  +         Spirit   .     G - +0 helmet
rElec  .         Reflect  .     t - +2 cloak {MR+}
rCorr  .         Harm     .     l - +0 pair of gloves
MR     ++...                    y - +2 pair of boots {Fly}
Stlth  ++++++++++               (no amulet)
                                (no ring)
                                m - ring of ice

@: flying, regenerating slowly, wreathed by umbra
A: fangs 3, thin skeletal structure 1, see invisible, frail 1, unbreathing, no
device heal 1
a: Bat Form, Shadow Step, Shadow Form, Renounce Religion, Stop Flying


You were on level 11 of the Dungeon.
You worshipped Dithmenos.
Dithmenos was exalted by your worship.
You were thirsty.

You visited 3 branches of the dungeon, and saw 13 of its levels.
You also visited: Ossuary.

You collected 1048 gold pieces.
You spent 433 gold pieces at shops.

Inventory:

Hand Weapons
 a - a +2 dagger of speed (weapon)
 c - a +2 scimitar of slicing
 v - a +1 dagger of venom
 F - a +5 rapier
Armour
 l - a +0 pair of gloves (worn)
 n - a +2 robe of resistance (worn)
 t - a +2 cloak of magic resistance (worn)
 y - a +2 pair of boots of flying (worn)
 G - a +0 helmet (worn)
Jewellery
 m - a ring of ice (left hand)
 u - the ring "Yrhaedwa" {+Inv Stlth-}
   (You took it off an orc priest on level 7 of the Dungeon)

   [ring of loudness]

   It lets you turn invisible.
   It makes you less stealthy.
Wands
 g - a wand of lightning (8/15)
 p - a wand of confusion (10/48)
 r - a wand of iceblast (3/15)
 K - a wand of lightning (4/15)
Scrolls
 e - 4 scrolls of teleportation
 i - 2 scrolls of remove curse
 k - 4 scrolls of enchant armour
 q - 2 scrolls of recharging
 w - 2 scrolls of fog
 E - 2 scrolls of blinking
Potions
 b - 2 potions of resistance
 d - 25 potions of blood
 f - 4 potions of curing
 h - 4 potions of heal wounds
 j - 2 potions of invisibility
 o - 4 potions of haste
 s - 3 potions of might
 x - a potion of agility
 z - 2 potions of magic
 A - 5 potions of flight
 B - 3 potions of lignification
 C - a potion of brilliance
 D - 2 potions of cancellation
 H - 3 potions of berserk rage {unknown}
 I - a potion of ambrosia


   Skills:
 * Level 13.0 Short Blades
 + Level 8.1 Dodging
 - Level 14.3 Stealth
 - Level 5.9 Spellcasting
 + Level 13.8 Hexes
 + Level 3.8 Ice Magic
 + Level 7.7 Invocations


You had 9 spell levels left.
You knew the following spells:

 Your Spells              Type           Power        Failure   Level  Hunger
a - Corona                Hex            ######.      1%          1    None
b - Ensorcelled Hibernat  Hex/Ice        ######       1%          2    None
c - Confuse               Hex            ######..     1%          3    ##.....
d - Tukima's Dance        Hex            ######..     1%          3    ##.....
e - Animate Skeleton      Necr           N/A          14%         1    None
f - Apportation           Tloc           #.........   14%         1    None
g - Dazzling Spray        Conj/Hex       ####..       2%          3    ##.....


Dungeon Overview and Level Annotations

Branches:
Dungeon (11/15)            Temple (1/1) D:4            Lair (1/6) D:11
    Orc (0/2) D:10

Altars:
Ashenzari
Cheibriados
Dithmenos
Elyvilon
Fedhas
Gozag
Hepliaklqana
Kikubaaqudgha
Makhleb
Nemelex Xobeh
Okawaru
Qazlal
Ru
Sif Muna
Trog
Uskayaw
Vehumet
Xom
Yredelemnul
Zin
The Shining One

Shops:
D:3 *   D:5 ?   D:8 :%


Innate Abilities, Weirdness & Mutations

You heal slowly.
You have razor-sharp teeth.
You have supernaturally acute eyesight. (SInv)
You can survive without breathing.
You have a somewhat thin skeletal structure. (Dex +2, Stealth)
You are frail. (-10% HP)
Potions and wands are less effective at restoring your health.


Message History

The eight-headed hydra completely misses you.
Casting: Confuse
Confirm with . or Enter, or press ? or * to list all spells.
Aiming: Confuse
Press: ? - help, Shift-Dir - straight line, f - eight-headed hydra
Aim: an eight-headed hydra (umbra, chance to defeat MR: 39%)
The eight-headed hydra resists with some effort.
Your shadow mimicks your spell!
The eight-headed hydra resists with almost no effort.
The eight-headed hydra bites you but does no damage.
The eight-headed hydra bites you.
* * * LOW HITPOINT WARNING * * *
The eight-headed hydra closely misses you.
The eight-headed hydra bites you but does no damage.
The eight-headed hydra bites you!
* * * LOW HITPOINT WARNING * * *
The eight-headed hydra completely misses you.
The eight-headed hydra closely misses you.
The eight-headed hydra bites you!
You die...

............>..≈≈≈≈(.......#
...≈≈≈≈≈..≈...≈≈≈.≈≈.......#
.....≈≈≈≈...≈..≈≈≈.........#
..≈≈≈≈≈≈≈≈≈≈.≈≈≈≈..........#
...≈≈≈≈≈≈≈≈≈≈≈≈≈≈≈.........#
....≈≈≈..≈≈≈≈≈≈..≈.........#
.....z.....≈≈.≈...≈≈.......#
...........≈....D..........#
...#............@....#.....##
...#.................#......#
...#........#####....#......#
...#........#...#....'......#
...#####....#...'....#......#
.......'....#...#....#......#####
.......#....'...#....#..........#
.......#....#####....#..........#
.......#.............#..........#


You could see an eight-headed hydra.

Vanquished Creatures
  Fannar (D:10)
  A hydra (Lair:1)
  Erica (D:11)
  Urug (D:10)
  8 hell knights (D:11)
  An unseen horror (D:11)
  5 hill giants
  Pikel (D:4)
  An ugly thing (D:11)
  A manticore (D:11)
  A spiny frog (Lair:1)
  2 gargoyles
  5 komodo dragons (Lair:1)
  2 trolls
  2 hornets (D:11)
  A two-headed ogre (D:9)
  A hippogriff (D:9)
  6 slime creatures (D:11)
  14 yaks
  A vampire (D:10)
  2 wyverns
  A basilisk (Lair:1)
  A hungry ghost (D:8)
  7 hell hounds (D:11)
  2 porcupines (Lair:1)
  3 water moccasins
  2 black bears
  4 ice beasts
  An eye of draining (D:10)
  3 phantoms
  9 orc warriors
  2 necrophages
  3 wolves (D:11)
  4 ogres
  The ghost of bobthegiant the Insei, an amateur MfTm (D:3)
  5 centaurs
  3 big kobolds
  A wyvern zombie (D:6)
  Blork the orc (D:4)
  13 bullfrogs
  4 scorpions
  4 killer bees
  8 howler monkeys
  2 electric eels (D:11)
  7 crimson imps
  2 centaur zombies
  A bullfrog skeleton (D:6)
  11 hounds
  5 jellies
  8 orc priests
  10 iguanas
  Crazy Yiuf (D:3)
  4 centaur skeletons
  16 orc wizards
  3 worker ants
  Terence (D:3)
  A killer bee zombie (D:8)
  A hound zombie (D:6)
  A hound skeleton (D:9)
  8 mummies (Ossuary)
  A howler monkey zombie (D:5)
  3 worker ant zombies
  Robin (D:4)
  2 river rats (D:5)
  9 gnolls
  12 adders
  5 shadow imps
  An adder zombie (D:4)
  2 worms
  5 leopard geckos
  44 orcs
  4 bats
  4 giant cockroaches
  18 goblins
  7 hobgoblins
  8 jackals
  13 kobolds
  3 quokkas
  2 ball pythons
  2 frilled lizards
  4 kobold zombies (Ossuary)
  4 orc zombies (Ossuary)
  A quokka skeleton (D:8)
  10 rats
387 creatures vanquished.

Vanquished Creatures (others)
  A centaur (D:10)
  A jelly (D:4)
  A hound (D:11)
  A mummy (D:4)
4 creatures vanquished.

Grand Total: 391 creatures vanquished

Notes
Turn   | Place    | Note
-------+----------+-------------------------------------------
     0 | D:1      | Jerry the Vampire Enchanter began the quest for the Orb.
     0 | D:1      | Reached XP level 1. HP: 13/13 MP: 3/3
   588 | D:1      | Reached XP level 2. HP: 13/19 MP: 5/5
   676 | D:1      | Learned a level 2 spell: Ensorcelled Hibernation
  1095 | D:2      | Reached skill level 5 in Stealth
  1215 | D:2      | Reached XP level 3. HP: 24/24 MP: 4/6
  1286 | D:2      | Found a snail-covered altar of Cheibriados.
  1300 | D:2      | Reached skill level 5 in Hexes
  1537 | D:2      | Found a hide-covered altar of Uskayaw.
  1781 | D:2      | Reached XP level 4. HP: 30/30 MP: 2/7
  2000 | D:2      | Reached skill level 6 in Stealth
  2168 | D:3      | Found Zin's Purification Station.
  2168 | D:3      | Found a glowing silver altar of Zin.
  2567 | D:3      | Noticed bobthegiant's ghost (amateur MfTm)
  2583 | D:3      | Learned a level 3 spell: Confuse
  2716 | D:3      | Noticed Terence
  2721 | D:3      | Killed Terence
  2721 | D:3      | Reached XP level 5. HP: 29/35 MP: 2/9
  3092 | D:3      | Found a runed door.
  3131 | D:3      | Noticed Crazy Yiuf
  3135 | D:3      | Killed Crazy Yiuf
  3182 | D:3      | Killed bobthegiant's ghost
  3182 | D:3      | Reached XP level 6. HP: 23/41 MP: 1/10
  3693 | D:4      | Found a sand-covered staircase.
  3749 | D:4      | Noticed Pikel
  3749 | D:4      | Noticed a slave
  3750 | D:4      | Noticed a slave
  3750 | D:4      | Noticed a slave
  3750 | D:4      | Noticed a slave
  3771 | D:4      | Killed Pikel
  3771 | D:4      | Reached skill level 8 in Stealth
  3771 | D:4      | Reached XP level 7. HP: 20/46 MP: 5/13
  3996 | Ossuary  | Entered an ossuary
  4498 | Ossuary  | Learned a level 3 spell: Tukima's Dance
  4780 | D:4      | Found a staircase to the Ecumenical Temple.
  4802 | Temple   | Entered the Ecumenical Temple
  4869 | Temple   | Became a worshipper of Dithmenos the Shadowed
  4989 | D:4      | Noticed Robin
  5055 | D:4      | Killed Robin
  5084 | D:4      | Noticed Blork the orc
  5092 | D:4      | Killed Blork the orc
  5277 | D:4      | Reached skill level 5 in Short Blades
  5296 | D:4      | Reached XP level 8. HP: 46/52 MP: 7/14
  5460 | D:5      | Entered Level 5 of the Dungeon
  5491 | D:5      | Reached skill level 9 in Stealth
  5976 | D:5      | Found Leistyts's Magic Scroll Boutique.
  5991 | D:5      | Bought a scroll of enchant weapon for 82 gold pieces
  5991 | D:5      | Bought a scroll of teleportation for 33 gold pieces
  5991 | D:5      | Bought a scroll of identify for 22 gold pieces
  5991 | D:5      | Bought a scroll of fog for 22 gold pieces
  5991 | D:5      | Bought a scroll of recharging for 104 gold pieces
  5991 | D:5      | Bought a scroll of identify for 22 gold pieces
  5991 | D:5      | Bought a scroll of identify for 22 gold pieces
  5991 | D:5      | Bought a scroll of identify for 22 gold pieces
  6001 | D:5      | Bought a scroll of enchant armour for 82 gold pieces
  6001 | D:5      | Bought a scroll of noise for 11 gold pieces
  6001 | D:5      | Bought a scroll of random uselessness for 11 gold pieces
  6083 | D:5      | Reached * piety under Dithmenos
  6465 | D:5      | Reached skill level 1 in Invocations
  7064 | D:6      | Reached ** piety under Dithmenos
  7186 | D:6      | Reached skill level 10 in Stealth
  7555 | D:6      | Reached skill level 5 in Spellcasting
  7555 | D:6      | Reached XP level 9. HP: 57/57 MP: 13/16
  7934 | D:6      | Found a shimmering altar of Xom.
  8091 | D:6      | Learned a level 1 spell: Animate Skeleton
  8093 | D:6      | Learned a level 1 spell: Apportation
  8269 | D:7      | Reached skill level 11 in Stealth
  8337 | D:7      | Reached *** piety under Dithmenos
  8518 | D:7      | Reached skill level 10 in Hexes
  8828 | D:7      | Got a glittering turquoise ring
  8953 | D:7      | Learned a level 3 spell: Dazzling Spray
  9007 | D:8      | Found a deep blue altar of Sif Muna.
  9024 | D:8      | Identified Sif Muna's Guide on Air
  9071 | D:8      | Found Laymoe's Book Emporium.
  9154 | D:8      | Reached XP level 10. HP: 63/63 MP: 18/18
  9342 | D:8      | Found Gudaikk's Food Shoppe.
  9403 | D:8      | Identified the ring "Yrhaedwa" {+Inv Stlth-} (You took it off an orc priest on level 7 of the Dungeon)
  9532 | D:8      | Gained mutation: Your spells are a little easier to cast, but a little less powerful. [potion of mutation]
  9532 | D:8      | Gained mutation: Potions and wands are less effective at restoring your health. [potion of mutation]
  9533 | D:8      | Gained mutation: You are frail. (-10% HP) [potion of mutation]
  9533 | D:8      | Gained mutation: You have a somewhat thin skeletal structure. (Dex +2, Stealth) [potion of mutation]
  9533 | D:8      | Lost mutation: Your spells are a little easier to cast, but a little less powerful. [potion of mutation]
  9661 | D:9      | Reached skill level 12 in Stealth
  9891 | D:8      | Reached **** piety under Dithmenos
 10550 | D:10     | Entered Level 10 of the Dungeon
 10550 | D:10     | Noticed a gargoyle
 10565 | D:10     | Killed a gargoyle
 10652 | D:10     | Reached skill level 5 in Invocations
 10689 | D:10     | Noticed a hill giant
 10697 | D:10     | Killed a hill giant
 10931 | D:10     | Noticed a hill giant
 11128 | D:10     | Noticed a hill giant
 11148 | D:10     | Killed a hill giant
 11148 | D:10     | Reached skill level 13 in Stealth
 11148 | D:10     | Reached XP level 11. HP: 61/61 MP: 12/19
 11159 | D:10     | Noticed a hill giant
 11166 | D:10     | Killed a hill giant
 11216 | D:10     | Noticed Urug
 11223 | D:10     | Killed Urug
 11223 | D:10     | Reached skill level 10 in Short Blades
 11287 | D:10     | Killed a hill giant
 11459 | D:9      | Reached skill level 5 in Dodging
 11994 | D:10     | Found a stormy altar of Qazlal.
 12630 | D:10     | Noticed Fannar
 12637 | D:10     | Killed Fannar
 12989 | D:10     | Found a staircase to the Orcish Mines.
 13073 | D:11     | Noticed Erica
 13128 | D:11     | Noticed an unseen horror
 13231 | D:11     | Killed an unseen horror
 13240 | D:11     | Reached ***** piety under Dithmenos
 13414 | D:11     | Noticed a hell knight
 13419 | D:11     | Killed a hell knight
 13439 | D:11     | Noticed a hell knight
 13553 | D:11     | Noticed a hell knight
 13563 | D:11     | Noticed a hell knight
 13563 | D:11     | Noticed a hell knight
 13563 | D:11     | Noticed a hell knight
 13565 | D:11     | Killed a hell knight
 13567 | D:11     | Noticed a hell knight
 13568 | D:11     | Killed a hell knight
 13568 | D:11     | Reached XP level 12. HP: 66/66 MP: 8/20
 13575 | D:11     | Reached skill level 14 in Stealth
 14436 | D:11     | Found a staircase to the Lair.
 14507 | D:11     | Reached skill level 1 in Ice Magic
 15113 | D:11     | Killed Erica
 16376 | Lair:1   | Entered Level 1 of the Lair of Beasts
 16446 | Lair:1   | Noticed a four-headed hydra
 16451 | Lair:1   | Killed a four-headed hydra
 16571 | Lair:1   | Noticed an eight-headed hydra
 16665 | Lair:1   | Reached XP level 13. HP: 71/71 MP: 21/21
 16817 | D:11     | Reached ****** piety under Dithmenos
 16861 | D:11     | Slain by an eight-headed hydra

Skill      XL: |  1  2  3  4  5  6  7  8  9 10 11 12 13 |
---------------+----------------------------------------+-----
Stealth        | 5 6 8 10 11 13 14 | 14.3
Hexes          | 5 6 7 8 9 10 11 12 13 | 13.8
Short Blades   | 2 3 4 5 6 7 9 11 12 13 | 13.0
Spellcasting   | 3 4 5 |  5.9
Invocations    | 2 3 5 6 7 |  7.7
Dodging        | 4 6 8 |  8.1
Ice Magic      | 3 |  3.8

Action                   |  1- 3 |  4- 6 |  7- 9 | 10-12 | 13-15 || total
-------------------------+-------+-------+-------+-------+-------++-------
Melee: Dagger            |    69 |    36 |    70 |   155 |     7 ||   337
       Bite              |     4 |       |    29 |    28 |       ||    61
       Rapier            |       |       |   301 |   148 |       ||   449
 Cast: Ensorcelled Hiber |    13 |    25 |    95 |   179 |     3 ||   315
       Confuse           |       |     3 |    19 |    54 |     4 ||    80
       Corona            |       |    11 |       |    13 |       ||    24
 Abil: Stop Flying       |       |       |     1 |       |       ||     1
       Evoke Flight      |       |       |     1 |       |       ||     1
       End Transformatio |       |       |       |     2 |     1 ||     3
       Bat Form          |       |       |       |     2 |     1 ||     3
Evoke: Wand              |       |       |     3 |       |       ||     3
  Use: Potion            |     8 |       |    21 |    19 |       ||    48
       Scroll            |       |       |    15 |    12 |       ||    27
 Stab: Sleeping          |    24 |    17 |    81 |   129 |     3 ||   254
       Confused          |       |     2 |    12 |    28 |     1 ||    43
       Distracted        |       |       |     4 |     5 |       ||     9
Armor: Robe              |     8 |     3 |    74 |    32 |    11 ||   128
Dodge: Dodged            |    28 |    25 |   226 |   178 |    38 ||   495
